AoeStats
← DanielMorfeo

Migration

509651040Analyzed
1v1 RM · 5d ago on Sep 27, 2026· 40m 58s· 2 players
Game mode
Random Map
Map size
132×132
Population
200
Speed
Normal
Resources
Standard
Victory
Conquest
Starting age
Dark Age
Ending age
Imperial Age
RankedLock teamsTeams togetherTeam positionsShared explorationLock speedFull tech treeHidden civsTurbo modeCheats
Victory
Defeat
🇨🇴 Spanish · Colombia
792
+18
🇹🇷 Burgundians · Türkiye
826
-18
Esglm
5:46 Double-Bit Axe
9:00 Loom
11:16 Feudal Age
9:45 Fishing Lines
12:20 Gillnets
12:57 Bow Saw
17:51 Wheelbarrow
21:07 Castle Age
21:12 Scale Barding Armor
21:17 Forging
21:12 Cavalier
21:54 Husbandry
23:28 Two-Man Saw
22:44 Medium Warships
24:26 Gold Mining
26:22 Chain Barding Armor
26:09 Stone Mining
27:31 Horse Collar
28:37 Iron Casting
31:06 Murder Holes
33:04 Gold Shaft Mining
32:33 Fletching
36:23 Imperial Age
34:55 Elite Skirmisher
36:13 Padded Archer Armor
36:08 Bodkin Arrow
DanielMorfeo
0:35 Loom
11:58 Feudal Age
12:24 Double-Bit Axe
12:32 Gold Mining
14:49 Stone Mining
19:56 Castle Age
21:07 Squires
25:48 Stone Shaft Mining
31:23 Wheelbarrow
33:00 Horse Collar
33:06 Demolition Ship
39:04 Imperial Age
37:07 Pikeman
39:08 Murder Holes
40:50 Bow Saw
Connection lost

Rejoining the realm…

Still unreachable

The connection could not be restored.

Session expired

The server has moved on; the page needs a fresh start.